 Dungeon Crawl Stone Soup version 0.13-a0-2505-g5f0fbe2 (webtiles) character file.

1822 4tharraofdagon the Spear-Bearer (level 8, -2/91 HPs)
             Began as a Djinni Berserker on July 23, 2013.
             Was a Priest of Trog.
             Slain by Gastronok (25 damage)
             ... on Level 2 of the Lair of Beasts.
             The game lasted 00:10:34 (1795 turns).

4tharraofdagon the Spear-Bearer (Djinni Berserker)  Turns: 1795, Time: 00:10:34

HP  -2/91        AC 15     Str 25      XL: 8   Next: 79%
MP   0/0         EV 12     Int  7      God: Trog [***...]
Gold 61          SH  0     Dex 13      Spells:  0 memorised,  7 levels left

Res.Fire  : + + +   See Invis. : .   v - +2,+0 scythe (protect)
Res.Cold  : x . .   Warding    : +   F - +1 dwarf scale mail
Life Prot.: + + +   Conserve   : .   (no shield)
Res.Poison: .       Res.Corr.  : .   (no helmet)
Res.Elec. : .       Clarity    : .   j - +0 cloak
Sust.Abil.: . .     Spirit.Shd : .   (no gloves)
Res.Mut.  : .       Stasis     : .   (boots unavailable)
Res.Rott. : .       Flight     : .   r - amulet "Ekeigyomm" {Ward -Cast}
Saprovore : . . .                    (no ring)
                                     n - +3 ring of evasion

@: regenerating (expiring), berserking (expiring), mildly poisoned, very
slightly contaminated, very quick, very resistant to hostile enchantments,
extremely unstealthy
A: no striking features
a: Burn Spellbooks, Berserk, Trog's Hand, Renounce Religion


You were on level 2 of the Lair of Beasts.
You worshipped Trog.
Trog was greatly pleased with you.
You were not hungry.

You visited 2 branches of the dungeon, and saw 10 of its levels.

You collected 262 gold pieces.
You spent 221 gold pieces at shops.

Inventory:

Hand weapons
 a - a cursed +0,+0 mace
 l - a +0,+1 halberd
 v - a +2,+0 scythe of protection (weapon)
Armour
 j - a +0 cloak (worn)
 F - a +1 dwarven scale mail (worn)
Magical devices
 b - a wand of teleportation (4) {unknown}
 u - a wand of cold (7) {unknown}
Scrolls
 c - 2 scrolls of remove curse
 e - a scroll of enchant weapon II
 f - a scroll of curse armour {unknown}
 g - 3 scrolls of random uselessness
 h - 3 scrolls of noise {unknown}
 i - 2 scrolls of fear {unknown}
 q - a scroll of amnesia {unknown}
 y - 2 scrolls of curse jewellery {unknown}
 C - a scroll of immolation {unknown}
 D - a scroll of enchant armour {unknown}
 E - a scroll of magic mapping {unknown}
Jewellery
 m - an uncursed ring of teleportation
 n - a +3 ring of evasion (left hand)
 r - the amulet "Ekeigyomm" (around neck) {Ward -Cast}
   (You found it on level 4 of the Dungeon)

   [amulet of warding]

   It prevents spellcasting.
Potions
 d - 2 potions of porridge
 k - 2 potions of paralysis
 o - a potion of magic
 p - 3 potions of curing
 s - a potion of heal wounds
 w - a potion of agility
 x - a potion of poison
 z - a potion of confusion
 A - 2 potions of strong poison
 B - a potion of flight
Books
 t - a book of Death

   Spells                             Type                      Level
   Corpse Rot                         Necromancy                   2
   Sublimation of Blood               Necromancy                   2
   Agony                              Necromancy                   5
   Dispel Undead                      Necromancy                   5
   Excruciating Wounds                Charms/Necromancy            5
   Bolt of Draining                   Conjuration/Necromancy       6
   Trog disapproves of the use of such an item.


   Skills:
 + Level 6.1 Fighting
 - Level 3.0 Maces & Flails
 * Level 8.2 Polearms
 + Level 6.7 Armour
 - Level 1.7 Dodging


You had 7 spell levels left.
You didn't know any spells.

Dungeon Overview and Level Annotations

Branches:
Dungeon (8/27)               Lair (2/8) D:8
 Temple: D:4-7          Orc: D:6-11

Altars:
Xom

Shops:
D:6: ! D:7: ?

Annotations
Lair:2 Gastronok


Message History

Your Fighting skill increases to level 6!
Your Polearms skill increases to level 8!
Gastronok bubbles merrily.
Unknown command.
Unknown command.
You are too berserk!
You feel a strong urge to attack something.
Attack whom?
Press: ? - help, Dir - move target cursor, f - Gastronok
Aim: Gastronok wearing a wizard hat You reach to attack!
You completely miss Gastronok.
Your skin is crawling a little less now.
Attack whom?
Press: ? - help, Dir - move target cursor, f/p - Gastronok
Aim: Gastronok wearing a wizard hat
Okay, then.
You slash Gastronok!
Gastronok is lightly wounded.
Gastronok bites you!
You die...

###....##...............
##.##.......##...........
##...........#.#.#.......#
.#............#######P....#
.............### ###...#
............f...# #...#
................# #..#
......>....j....# ###
#...#.....@....## ...
##f###.....f# . ##
#.#....## ####.#.# ## #


You could see Gastronok.

Vanquished Creatures
  A spiny frog (Lair:2)
  A fire drake (Lair:2)
  An ice beast (D:6)
  A sky beast (D:7)
  Sigmund (D:6)
  2 giant frogs (D:6)
  4 wights (D:7)
  5 crimson imps
  A quasit (D:8)
  2 hounds
  An orc priest (D:6)
  An iguana (D:8)
  A worker ant (D:7)
  A mummy (D:6)
  4 gnolls (D:2)
  4 adders
  An inept item mimic (D:7)
  2 worms
  A giant eyeball (D:6)
  2 giant geckos
  2 orcs (D:6)
  A giant cockroach (D:1)
  4 hobgoblins
  4 jackals (D:1)
  5 bats
  3 giant newts
  A giant spore (D:7)
  4 goblins
  7 kobolds
  A kobold zombie (D:6)
  4 rats
  2 ballistomycetes (D:7)
75 creatures vanquished.

Notes
Turn   | Place    | Note
--------------------------------------------------------------
     0 | D:1      | 4tharraofdagon, the Djinni Berserker, began the quest for the Orb.
     0 | D:1      | Reached XP level 1. HP: 16/16 MP: 0/0
   129 | D:1      | Reached XP level 2. EP: 9/22
   275 | D:1      | Acquired Trog's second power
   446 | D:2      | Reached XP level 3. EP: 24/29
   587 | D:3      | Found a shimmering altar of Xom.
   622 | D:4      | Reached skill level 1 in Polearms
   622 | D:4      | Reached XP level 4. EP: 35/35
   645 | D:4      | Got a twitching diamond amulet
   647 | D:4      | Identified the amulet "Ekeigyomm" {Ward -Cast} (You found it on level 4 of the Dungeon)
   665 | D:5      | Entered Level 5 of the Dungeon
   717 | D:6      | Noticed an ice beast
   729 | D:6      | Reached skill level 4 in Armour
   729 | D:6      | Reached XP level 5. EP: 41/41
   740 | D:6      | Killed an ice beast
   815 | D:6      | Noticed a giant frog
   830 | D:6      | Killed a giant frog
   830 | D:6      | Reached XP level 6. EP: 49/49
   885 | D:6      | Noticed Sigmund
   897 | D:6      | Killed Sigmund
   943 | D:6      | Paralysed by a giant eyeball for 4 turns
   948 | D:6      | Paralysed by a giant eyeball for 3 turns
   973 | D:6      | Noticed a giant frog
   975 | D:6      | Killed a giant frog
   976 | D:6      | Found Pseklueli's Distillery.
   987 | D:6      | Bought a potion of agility for 30 gold pieces
   987 | D:6      | Bought a potion of poison for 12 gold pieces
   987 | D:6      | Bought a potion of confusion for 12 gold pieces
   987 | D:6      | Bought 2 potions of strong poison for 48 gold pieces
   987 | D:6      | Bought a potion of curing for 24 gold pieces
   987 | D:6      | Bought a potion of curing for 24 gold pieces
  1007 | D:6      | Reached skill level 5 in Armour
  1083 | D:7      | Reached XP level 7. EP: 54/54
  1100 | D:7      | Found Twol's Magic Scroll Shop.
  1145 | D:7      | Reached skill level 5 in Polearms
  1273 | D:7      | Reached skill level 5 in Fighting
  1288 | D:7      | Bought a scroll of blinking for 60 gold pieces
  1288 | D:7      | Bought a scroll of random uselessness for 11 gold pieces
  1299 | D:7      | Reached skill level 6 in Polearms
  1423 | D:7      | Reached XP level 8. EP: 51/62
  1441 | D:6      | Noticed a centaur
  1652 | D:8      | Found a staircase to the Lair.
  1676 | Lair:1   | Entered Level 1 of the Lair of Beasts
  1695 | Lair:2   | Noticed a fire drake
  1703 | Lair:2   | Killed a fire drake
  1703 | Lair:2   | Reached skill level 7 in Polearms
  1776 | Lair:2   | Noticed Gastronok
  1778 | Lair:2   | Noticed a spiny frog
  1791 | Lair:2   | Killed a spiny frog
  1791 | Lair:2   | Reached skill level 8 in Polearms
  1795 | Lair:2   | Slain by Gastronok

Action                   |  1- 3 |  4- 6 |  7- 9 || total
-------------------------+-------+-------+-------++-------
Melee: Mace              |    77 |       |       ||    77
       Halberd           |    14 |    44 |       ||    58
       Scythe            |       |    32 |   134 ||   166
Invok: Berserk           |     2 |     4 |     3 ||     9
       Trog's Hand       |     1 |     3 |     5 ||     9
  Use: Scroll            |     2 |     3 |     3 ||     8
       Potion            |       |     1 |       ||     1
 Stab: Sleeping          |     1 |       |       ||     1
